AoeStats
← NDF

Arabia

509232367Analyzed
2v2 RM · 5d ago on Sep 26, 2026· 25m 57s· 4 players
Game mode
Random Map
Map size
Medium (4 player)
Population
200
Speed
Normal
Resources
Standard
Victory
Conquest
Starting age
Dark Age
Ending age
Imperial Age
RankedLock teamsTeams togetherTeam positionsShared explorationLock speedFull tech treeHidden civsTurbo modeCheats
Victory
Defeat
🇦🇷 Teutons · Argentina
719
+9
🇦🇷 Spanish · Argentina
704
+9
🇨🇦 Britons · Canada
546
-18
🇨🇦 Huns · Canada
546
-18
Polish_Sloth
5:50 Loom
11:51 Feudal Age
12:29 Double-Bit Axe
12:27 Horse Collar
12:43 Gold Mining
13:46 Wheelbarrow
12:58 Town Watch
20:02 Fletching
20:13 Padded Archer Armor
24:39 Castle Age
24:47 Crossbowman
25:26 Bodkin Arrow
25:46 Leather Archer Armor
CabbageTrail
19:37 Feudal Age
20:59 Wheelbarrow
22:49 Double-Bit Axe
22:50 Horse Collar
NDF
3:25 Loom
12:19 Feudal Age
16:04 Man-at-Arms
23:55 Castle Age
22:13 Horse Collar
22:25 Double-Bit Axe
23:17 Gold Mining
25:32 Stone Mining
26:16 Heavy Plow
estebanpa
10:25 Feudal Age
11:02 Man-at-Arms
11:38 Horse Collar
11:45 Double-Bit Axe
20:03 Castle Age
18:25 Scale Mail Armor
19:17 Loom
20:15 Gold Mining
20:40 Forging
21:28 Bow Saw
21:32 Heavy Plow
21:24 Gambesons
21:00 Long Swordsman
22:00 Chain Mail Armor
22:21 Iron Casting
26:28 Bloodlines
26:19 Stone Mining
Connection lost

Rejoining the realm…

Still unreachable

The connection could not be restored.

Session expired

The server has moved on; the page needs a fresh start.